 Dungeon Crawl Stone Soup version 0.31-a0-210-gccc998df9b (webtiles) character file.

Game seed: 6713125328245279997

41 Hubris850 the Ruffian (level 3, -3/35 HPs)
             Began as a Troll Gladiator on June 29, 2023.
             Slain by a worm (9 damage)
             ... on level 2 of the Dungeon.
             The game lasted 00:02:13 (797 turns).

Hubris850 the Ruffian (Troll Gladiator)              Turns: 797, Time: 00:02:14

Health: -3/35      AC:  4    Str: 24    XL:     3   Next: 32%
Magic:  2/2        EV: 10    Int:  4    God:
Gold:   45         SH:  0    Dex: 11    Spells: 2/2 levels left

rFire   . .          .
                       - Unarmed
rCold   . . .        (no shield)
rNeg    . . .        a - +0 robe
rPois   .            b - +0 hat
rElec   .            (no cloak)
rCorr   .            (gloves unavailable)
SInv    .            (boots unavailable)
Will    .....        (no amulet)
Stlth   +            (no ring)
HPRegen 1.05/turn    (no ring)
MPRegen 0.08/turn

%: no passive effects
@: no status effects
A: large, unfitting armour, claws 3, regeneration 1, shaggy fur 1, tough skin 1
a: no special abilities


You were on level 2 of the Dungeon.
You visited 1 branch of the dungeon, and saw 2 of its levels.

You collected 73 gold pieces.
You spent 28 gold pieces at shops.

Inventory:

Missiles
 c - 3 throwing nets (quivered)
 d - a large rock
Armour
 a - a +0 robe (worn)
 b - a +0 hat (worn)
Scrolls
 g - a scroll of vulnerability {unknown}
 h - a scroll of silence
 j - a scroll of brand weapon {unknown}
 k - a scroll of summoning {unknown}
 l - a scroll of noise {unknown}
Potions
 f - a potion of magic
 i - a potion of enlightenment {unknown}


   Skills:
 + Level 2.1 Fighting
 + Level 2.2 Throwing
 + Level 2.8 Dodging
 + Level 3.3 Unarmed Combat


You had 2 spell levels left.
You didn't know any spells.
Your spell library was empty.

Dungeon Overview and Level Annotations

Branches:
Dungeon (2/15)

Altars:

Shops:
D:1 ?**[


Innate Abilities, Weirdness & Mutations

You are too large for most types of armour.
You have claws for hands.
Your natural rate of healing is unusually fast.
You are covered in fur. (AC +1)
You have tough skin. (AC +1)


Message History

The quokka bites you. The quokka completely misses you.
You scratch the worm.
The worm is moderately wounded.
The worm bites you. The quokka completely misses you.
You barely miss the worm.
The worm is moderately wounded.
The quokka barely misses you.
You scratch the worm.
The worm is moderately wounded.
The worm bites you! The quokka closely misses you.
You claw the worm!
The worm is severely wounded.
The quokka barely misses you.
You barely miss the worm.
The worm is severely wounded.
The quokka closely misses you. The worm bites you!
You are too injured to fight recklessly!
You are too injured to fight recklessly!
You are too injured to fight recklessly!
You scratch the worm but do no damage.
The worm is severely wounded.
The quokka closely misses you. The worm bites you!
* * * LOW HITPOINT WARNING * * *
You scratch the worm.
The worm is severely wounded.
The quokka bites you.
* * * LOW HITPOINT WARNING * * *
You feel better. The quokka bites you.
* * * LOW HITPOINT WARNING * * *
The worm bites you but does no damage.
Sorry, you're not good enough to have a special ability.
You scratch the worm.
The worm is severely wounded.
The quokka bites you.
* * * LOW HITPOINT WARNING * * *
The quokka barely misses you.
You barely miss the worm.
The worm is severely wounded.
The worm bites you!
You die...

## #.#.#.#.#.#.#### .#
######.............. .#
#.....#.#.#.#.#.#... .#
#..)................
.####.....#.#.#.#.#.#...
....#...................
........................
............####......#
..#.............@.....#
#.###...#.#.###wr.....#
#.....#...#.# #.......#
....####.(# # #...!..##
.... .... ......## ..
.## ..#..### ##...# ....


You could see a worm and a quokka.

Vanquished Creatures
  An adder (D:2)
  A worm (D:2)
  A dart slug (D:1)
  5 ball pythons (D:1)
  2 bats (D:1)
  2 endoplasms
  5 goblins (D:1)
  A hobgoblin (D:1)
  4 kobolds
  2 frilled lizards (D:1)
  3 rats
27 creatures vanquished.

Notes
Turn   | Place    | Note
-------+----------+-------------------------------------------
     0 | D:1      | Hubris850 the Troll Gladiator began the quest for the Orb.
     0 | D:1      | Reached XP level 1. HP: 19/19 MP: 0/0
    85 | D:1      | Found Wolyomock's General Store.
    85 | D:1      | Found Pydd's General Store.
   104 | D:1      | Reached XP level 2. HP: 28/28 MP: 1/1
   133 | D:1      | Found Ganlemaqe's Magic Scroll Boutique.
   169 | D:1      | Bought a scroll of identify for 28 gold pieces
   324 | D:1      | Found Giery's Armour Emporium.
   655 | D:2      | Reached XP level 3. HP: 35/35 MP: 2/2
   661 | D:2      | Identified the +1 scale mail of Imperfection {Contam rPois
                  | rC+}
   797 | D:2      | Slain by a worm

Illustrated notes

Levels and vault maps discovered:
D:1:      arrival_zaba_pyramid, layout_basic, serial_shops, shop, shop,
          nicolae_shop_statue_plus, nicolae_shop_crystal
D:2:      layout_rooms, st_stairs_11, minmay_misc_feat_enclosed

Skill      XL: |  1  2 |
---------------+-------+-----
Throwing       | 2 |  2.2
Fighting       | 2 |  2.1
Dodging        | |  2.8
Unarmed Combat | |  3.3

Action                     || total
---------------------------++-------
  Melee: Unarmed           ||    86
         Punch             ||     3
    Use: Scroll            ||     3
         Potion            ||     1
   Stab: Sleeping          ||     1
 Armour: Robe              ||    24
  Dodge: Dodged            ||    49

Table legend: (Time is in decaauts)
 A = Elapsed time spent in this place.
 B = Non-inter-level travel time spent in this place.
 C = Inter-level travel time spent in this place.
 D = Time resting spent in this place.
 E = Time spent auto-exploring this place.
 F = Levels seen in this place.
 G = Mean time per level.
                   A        B        C        D        E       F      G
               +--------+--------+--------+--------+--------+-----+--------+
         Total |    792 |    775 |     17 |      0 |    577 |   2 |  396.0 |
       Dungeon |    792 |    775 |     17 |      0 |    577 |   2 |  396.0 |
               +--------+--------+--------+--------+--------+-----+--------+

Top non-repeatable levels by time:
     D:1: 637 daAuts
     D:2: 154 daAuts
